 Dungeon Crawl Stone Soup version 0.31.0-32-g396128a36d (webtiles) character file.

Game seed: 12599999390638716815

104512 jaiteiro the Thrower (level 16, -4/112 HPs)
             Began as a Gnoll Earth Elementalist on Mar 24, 2024.
             Was a High Priest of Hepliaklqana.
             Slain by a +0 halberd of venom (16 damage)
             ... on level 2 of the Elven Halls.
             The game lasted 03:00:53 (25824 turns).

jaiteiro the Thrower (Gnoll Earth Elementalist)    Turns: 25824, Time: 03:00:54

Health: -4/112     AC: 14    Str:  7    XL:     16   Next: 38%
Magic:  19/35      EV: 17    Int: 37    God:    Hepliaklqana [*****.]
Gold:   1854       SH:  7    Dex: 14    Spells: 21/39 levels left

rFire   + . .        a - +5 sling of Motocel {heavy, rF+ Int+3}
rCold   + . .        v - +0 buckler
rNeg    . . .        Y - +2 robe {Will+}
rPois   .            X - +0 helmet {SInv}
rElec   .            Z - +1 cloak
rCorr   .            Q - +2 pair of gloves
SInv    +            U - +0 pair of boots
Will    +++..        B - amulet of magic regeneration
Stlth   +++++        P - +6 ring of intelligence
HPRegen 0.38/turn    S - +6 ring of intelligence
MPRegen 0.64/turn

%: no passive effects
@: studying Throwing
A: reduced essence, fangs 1, strong nose, distributed training, cold resistance
1, high MP 1, strong-willed 1, noise suppression
a: Renounce Religion, Recall Ancestor, Ancestor Identity, Transference, Idealise


You were on level 2 of the Elven Halls.
You worshipped Hepliaklqana.
Hepliaklqana was extremely pleased with you.
You visited 5 branches of the dungeon, and saw 21 of its levels.

You collected 2119 gold pieces.
You spent 265 gold pieces at shops.

Inventory:

Hand Weapons
 a - the +5 sling of Motocel (weapon) {heavy, rF+ Int+3}
   (You found it on level 5 of the Dungeon)

   Int+3:     It affects your intelligence (+3).
   rF+:       It protects you from fire.
 b - the +6 dagger "Hacomesk" {elec, *Slow rF+++ Str+2 Stlth-}
   (You found it on level 8 of the Dungeon)

   Str+2:     It affects your strength (+2).
   rF+++:     It renders you almost immune to fire.
   *Slow:     It may slow you when you take damage.
   Stlth-:    It makes you less stealthy.
 h - a +0 hand cannon of electrocution
 A - the +7 sling of Poroh {drain, rF- Str+3 Dex+4}
   (You bought it in a shop on level 6 of the Dungeon)

   Str+3:     It affects your strength (+3).
   Dex+4:     It affects your dexterity (+4).
   rF-:       It makes you vulnerable to fire.
Missiles
 D - a throwing net
 K - 26 poisoned darts
 M - 7 curare-tipped darts
Armour
 v - a +0 buckler (worn)
 z - a +2 robe of cold resistance
 I - +0 acid dragon scales
 J - +0 steam dragon scales
 L - the +1 cloak of Life {rC+ rN++ Str-5 Dex-4}
   (You found it on level 9 of the Dungeon)

   Str-5:     It affects your strength (-5).
   Dex-4:     It affects your dexterity (-4).
   rC+:       It protects you from cold.
   rN++:      It greatly protects you from negative energy.
 Q - a +2 pair of gloves (worn)
 U - a +0 pair of boots (worn)
 X - a +0 helmet of see invisible (worn)
 Y - a +2 robe of willpower (worn)
 Z - a +1 cloak (worn)
Jewellery
 i - a ring of wizardry
 j - an amulet of reflection
 u - a +5 ring of evasion
 B - an amulet of magic regeneration (around neck)
 E - a ring of poison resistance
 P - a +6 ring of intelligence (left hand)
 S - a +6 ring of intelligence (right hand)
 T - a ring of positive energy
Talismans
 c - a flux talisman
 g - a dragon-blood talisman
 n - a granite talisman
Wands
 m - a wand of quicksilver (4)
 C - a wand of iceblast (24)
 H - a wand of charming (7)
 V - a wand of flame (30)
Scrolls
 e - a scroll of blinking
 p - a scroll of fog
 q - 10 scrolls of revelation
 s - 2 scrolls of fear
 t - 10 scrolls of teleportation
 y - 3 scrolls of silence
 R - a scroll of summoning
Potions
 d - 5 potions of heal wounds
 f - a potion of lignification {unknown}
 k - 3 potions of enlightenment
 l - 5 potions of curing
 o - 3 potions of brilliance
 r - a potion of might {unknown}
 w - 2 potions of haste
 x - 3 potions of ambrosia
 F - a potion of resistance
 G - a potion of mutation
 N - a potion of magic
 O - 3 potions of cancellation


   Skills:
 + Level 11.2 Fighting
 + Level 11.2 Short Blades
 + Level 11.2 Long Blades
 + Level 11.2 Axes
 + Level 11.2 Maces & Flails
 + Level 11.2 Polearms
 + Level 11.2 Staves
 + Level 11.2 Ranged Weapons
 + Level 14.6 Throwing
 + Level 11.2 Armour
 + Level 12.1 Dodging
 + Level 12.0 Stealth
 + Level 11.2 Shields
 + Level 11.2 Unarmed Combat
 + Level 12.2 Spellcasting
 + Level 9.7 Conjurations
 + Level 9.5 Hexes
 + Level 9.5 Summonings
 + Level 9.5 Necromancy
 + Level 9.5 Translocations
 + Level 9.5 Fire Magic
 + Level 9.5 Ice Magic
 + Level 9.5 Air Magic
 + Level 10.9 Earth Magic
 + Level 9.5 Alchemy
 + Level 12.2 Invocations
 + Level 11.2 Evocations
 + Level 10.3 Shapeshifting


You had 21 spell levels left.
You knew the following spells:

 Your Spells              Type           Power      Damage    Failure   Level
a - Sandblast             Erth           100%       2d20      1%          1
b - Animate Dead          Necr           75%        N/A       1%          4
c - Borgnjor's Vile Clut  Necr/Erth      39%        N/A       1%          5
d - Cause Fear            Hex            37%        N/A       1%          4
e - Dispel Undead         Necr           75%        3d25      1%          4

Your spell library contained the following spells:

 Spells                   Type           Power      Damage    Failure   Level
 Foxfire                  Conj/Fire      100%       2x1d9     1%          1
 Slow                     Hex            100%       N/A       1%          1
 Call Imp                 Summ           100%       N/A       1%          2
 Cigotuvi's Dreadful Rot  Necr/Alch/Air  100%       N/A       1%          2
 Ensorcelled Hibernation  Hex/Ice        100%       N/A       1%          2
 Scorch                   Fire           100%       2d9       1%          2
 Sublimation of Blood     Necr           75%        N/A       1%          2
 Confusing Touch          Hex            75%        N/A       1%          3
 Fugue of the Fallen      Necr           75%        N/A       1%          3
 Passwall                 Erth           81%        N/A       1%          3
 Sigil of Binding         Hex            75%        N/A       1%          3
 Stone Arrow              Conj/Erth      100%       3d13      1%          3
 Summon Ice Beast         Ice/Summ       75%        N/A       1%          3
 Tukima's Dance           Hex            75%        N/A       1%          3
 Vampiric Draining        Necr           75%        2d11      1%          3
 Anguish                  Hex/Necr       37%        N/A       1%          4
 Brom's Barrelling Bould  Conj/Erth      79%        2d9       1%          4
 Flame Wave               Conj/Fire      76%        2d17      1%          4
 Manifold Assault         Tloc           75%        N/A       1%          4
 Martyr's Knell           Necr/Summ      75%        N/A       1%          4
 Passage of Golubria      Tloc           75%        N/A       1%          4
 Petrify                  Alch/Erth      78%        N/A       1%          4
 Fireball                 Conj/Fire      38%        3d16      1%          5
 Silence                  Hex/Air        37%        N/A       1%          5
 Summon Mana Viper        Hex/Summ       75%        N/A       1%          5
 Yara's Violent Unravell  Hex/Alch       37%        3d15      1%          5
 Death Channel            Necr           37%        N/A       8%          6
 Dispersal                Tloc           37%        N/A       8%          6
 Summon Cactus Giant      Summ           37%        N/A       8%          6
 Enfeeble                 Hex            37%        N/A       38%         7
 Monstrous Menagerie      Summ           37%        N/A       38%         7
 Summon Hydra             Summ           37%        N/A       38%         7
 Lehudib's Crystal Spear  Conj/Erth      39%        10d10     91%         8
 Disjunction              Tloc           37%        N/A       97%         8
 Dragon's Call            Summ           37%        N/A       100%        9
 Fire Storm               Conj/Fire      38%        8d10      100%        9


Dungeon Overview and Level Annotations

Branches:
Dungeon (11/15)            Temple (1/1) D:6            Lair (5/5) D:10
 Shoals (0/4) Lair:2        Snake (0/4) Lair:2        Slime (0/5) Lair:5
    Orc (2/2) D:11            Elf (2/3) Orc:2

Altars:
Ashenzari
Cheibriados
Dithmenos
Elyvilon
Fedhas
Gozag
Hepliaklqana
Kikubaaqudgha
Makhleb
Nemelex Xobeh
Okawaru
Qazlal
Ru
Sif Muna
Trog
Uskayaw
Vehumet
Wu Jian
Xom
Yredelemnul
Zin
The Shining One
Jiyva

Shops:
D:1 *   D:6 (=   D:7 [   D:8 *   D:9 !   D:11 *   Orc:2 =*=!   Elf:1 [

Annotations:
D:11 exclusion: orange crystal statue


Innate Abilities, Weirdness & Mutations

Your life essence is reduced to manifest your ancestor. (-10% HP)
You have very sharp teeth.
Your uncanny sense of smell can sniff out nearby items.
Your experience applies equally to all skills.
Your flesh is cold resistant. (rC+)
You have an increased reservoir of magic. (+10% MP)
You are strong-willed. (Will+)
You passively dampen the noise of your surroundings.


Message History

You feel sick.
You feel sick.
You are no longer poisoned.
Casting: Borgnjor's Vile Clutch (mildly dangerous; 1% risk of failure)
Confirm with . or Enter, or press ? or * to list all spells.
Aiming: Borgnjor's Vile Clutch (mildly dangerous; 1% risk of failure)
Press: ? - help, Shift-Dir - straight line, f - +1 heavy mace
Aim: a +1 heavy mace (lightly damaged, 100% to hit)
Zombie hands grab the +1 heavy mace.
The zombie hands constrict the +1 heavy mace.
The +1 heavy mace struggles to escape constriction. x2
Unknown command.
The zombie hands constrict the +1 heavy mace.
The +1 heavy mace struggles to escape constriction.
The zombie hands constrict the +1 heavy mace.
The +1 heavy mace struggles to escape constriction. x2
Casting: Borgnjor's Vile Clutch (mildly dangerous; 1% risk of failure)
Confirm with . or Enter, or press ? or * to list all spells.
Aiming: Borgnjor's Vile Clutch (mildly dangerous; 1% risk of failure)
Press: ? - help, Shift-Dir - straight line, f - +0 halberd of venom, p - +1 heavy mace
Aim: a +0 halberd of venom (100% to hit)
Zombie hands grab the +0 halberd of venom.
The zombie hands constrict the +0 halberd of venom.
The zombie hands constrict the +1 heavy mace!
The +1 heavy mace escapes!
The +0 halberd of venom struggles to escape constriction.
The zombie hands constrict the +0 halberd of venom.
The +0 halberd of venom escapes!
Casting: Borgnjor's Vile Clutch (mildly dangerous; 1% risk of failure)
Confirm with . or Enter, or press ? or * to list all spells.
Aiming: Borgnjor's Vile Clutch (mildly dangerous; 1% risk of failure)
Press: ? - help, Shift-Dir - straight line, f - +1 heavy mace, p - +0 halberd of venom
Aim: a +1 heavy mace (almost destroyed, 100% to hit)
Zombie hands grab the +0 halberd of venom.
Zombie hands grab the +1 heavy mace.
The zombie hands constrict the +0 halberd of venom!
The zombie hands constrict the +1 heavy mace.
The +1 heavy mace falls from the air.
The +0 halberd of venom hits you from afar!
You die...

..............##
#############..#
##.# #.# #.# #.#
#.# #.### #..@##
###..###
##.(.### ###)).#
###.## #..# ...
###(# ..#
######.#.# .#..
##........#


You could see a +0 halberd of venom (clutched).

Vanquished Creatures
  Saint Roka (Orc:2)
  A deep elf master archer (Elf:1)
  An orc warlord (Orc:2)
  Azrael (Orc:2)
  2 ettins (Orc:2)
  2 hydras
  Fannar (Lair:2)
  2 two-headed ogres (Orc:2)
  A boulder beetle (D:11)
  6 dancing weapons
  7 death yaks (Lair:4)
  5 orc high priests
  3 deep elf knights (Elf:1)
  A skyshark (Lair:5)
  A sixfirhy (D:11)
  A deep troll (shapeshifter) (Elf:2)
  5 orc knights
  10 deep elf archers
  11 deep elf pyromancers
  A lindwurm (Lair:3)
  15 deep elf zephyrmancers
  3 orc sorcerers (Orc:2)
  A cyclops (D:11)
  2 elephants (Lair:3)
  2 merfolk sirens (Lair:2)
  6 kobold blastminers
  2 black mambas
  8 cane toads
  An orange demon (Lair:1)
  Maggie (D:6)
  A komodo dragon (Lair:3)
  A rime drake (Lair:4)
  3 kobold demonologists
  2 trolls
  A red devil (D:11)
  6 polar bears
  3 hornets (Lair:5)
  25 blink frogs
  8 dream sheep
  A ynoxinul (D:11)
  Sigmund (D:4)
  2 vampires (D:11)
  9 spriggans (Lair:5)
  2 air elementals (Elf:1)
  A shadow (D:11)
  2 water elementals
  3 fire elementals
  3 wyverns
  19 yaks
  4 basilisks
  2 steam dragons
  6 wargs
  2 vampire mosquitoes (D:10)
  2 nagas (Lair:2)
  20 water moccasins
  2 hell hounds (Orc:2)
  Duvessa (D:6)
  An ice beast (D:10)
  38 orc warriors
  4 boggarts (Lair:5)
  3 black bears
  18 wolves
  7 ogres
  A centaur (D:7)
  2 phantoms
  11 bullfrogs
  2 kobold brigands (D:11)
  A gnoll sergeant (D:9)
  4 scorpions
  2 earth elementals
  14 wights
  Dowan (D:6)
  9 howler monkeys
  4 bombardier beetles
  A vampire bat (D:3)
  2 hounds
  A jelly (D:6)
  25 orc priests
  An iron imp (D:11)
  2 iguanas
  15 orc wizards
  2 sleepcaps
  Robin (D:2)
  5 adders
  7 gnolls
  7 white imps
  8 ufetubi
  4 ribbon worms
  4 dart slugs
  3 fire bats (D:3)
  89 orcs
  2 spectral bats (D:3)
  13 bats
  3 bat skeletons (D:3)
  A bat zombie (D:3)
  7 endoplasms
  10 goblins
  6 hobgoblins
  4 ball pythons
  A bat simulacrum (D:3)
  3 frilled lizards
  15 kobolds
  3 rats
603 creatures vanquished.

Vanquished Creatures (collateral kills)
  A deep elf annihilator (Elf:1)
  A hydra (Lair:5)
  A dancing weapon (Elf:2)
  A two-headed ogre (Orc:2)
  2 death yaks (Lair:4)
  A deep elf knight (Elf:2)
  Amaemon (Lair:1)
  4 deep elf archers
  3 deep elf pyromancers
  3 deep elf zephyrmancers
  2 elephants (Lair:3)
  A meliai (shapeshifter) (Elf:1)
  An orange demon (D:11)
  3 cane toads
  A kobold demonologist (D:11)
  2 rime drakes
  3 komodo dragons
  2 trolls
  6 polar bears
  8 blink frogs
  A hornet (Lair:5)
  2 dream sheep (Lair:5)
  A wraith (D:11)
  3 spriggans (Lair:5)
  An unseen horror simulacrum (D:9)
  14 yaks
  2 basilisks
  3 wargs
  Grum (Lair:1)
  A fire elemental (Orc:2)
  A vampire mosquito (D:10)
  Edmund (D:6)
  3 water moccasins
  2 hell hounds (Orc:2)
  A black bear (Lair:5)
  4 ogres
  4 ice beasts
  17 orc warriors
  5 wolves
  2 kobold brigands
  3 bullfrogs
  An earth elemental (Elf:1)
  3 wights
  A yak zombie (D:11)
  A howler monkey (D:9)
  4 orc priests
  A sleepcap (D:6)
  5 orc wizards
  A gnoll (D:9)
  2 white imps (D:9)
  An ufetubus (D:9)
  29 orcs
  A kobold (D:11)
169 creatures vanquished.

Vanquished Creatures (others)
  A death yak zombie (Lair:4)
  A blink frog zombie (Lair:4)
  A dream sheep zombie (Lair:5)
  A komodo dragon zombie (Lair:3)
  2 water moccasin zombies (Lair:4)
  2 warg zombies (Orc:2)
  3 spriggan zombies (Lair:5)
  10 yak zombies
  15 knights
  2 wolf zombies
  A bullfrog zombie (Lair:4)
  A boggart zombie (Lair:5)
  2 ogre zombies (Orc:2)
  4 ancestors (D:6)
  3 howler monkey zombies (D:9)
  An adder zombie (D:6)
  3 elf zombies
  3 kobold zombies
  61 orc zombies
117 creatures vanquished.

Grand Total: 889 creatures vanquished

Notes
Turn   | Place    | Note
-------+----------+-------------------------------------------
     0 | D:1      | jaiteiro the Gnoll Earth Elementalist began the quest for
                  | the Orb.
     0 | D:1      | Reached XP level 1. HP: 13/13 MP: 6/6
   281 | D:1      | Reached XP level 2. HP: 19/19 MP: 5/7
   542 | D:1      | Found Etwaheg's General Store.
   708 | D:2      | Reached skill level 5 in Spellcasting
   708 | D:2      | Reached XP level 3. HP: 25/25 MP: 6/9
  1343 | D:2      | Reached skill level 1 in Invocations
  1454 | D:2      | Noticed Robin
  1472 | D:2      | Killed Robin
  1473 | D:2      | Reached skill level 1 in Fighting
  1473 | D:2      | Reached skill level 1 in Short Blades
  1473 | D:2      | Reached skill level 1 in Long Blades
  1473 | D:2      | Reached skill level 1 in Axes
  1473 | D:2      | Reached skill level 1 in Maces & Flails
  1473 | D:2      | Reached skill level 1 in Polearms
  1473 | D:2      | Reached skill level 1 in Staves
  1473 | D:2      | Reached skill level 1 in Ranged Weapons
  1473 | D:2      | Reached skill level 1 in Throwing
  1473 | D:2      | Reached skill level 1 in Armour
  1473 | D:2      | Reached skill level 1 in Shields
  1473 | D:2      | Reached skill level 1 in Unarmed Combat
  1473 | D:2      | Reached skill level 1 in Evocations
  1481 | D:2      | Reached skill level 1 in Shapeshifting
  1481 | D:2      | Reached XP level 4. HP: 26/32 MP: 0/11
  2133 | D:3      | Reached skill level 1 in Hexes
  2133 | D:3      | Reached skill level 1 in Summonings
  2133 | D:3      | Reached skill level 1 in Necromancy
  2133 | D:3      | Reached skill level 1 in Translocations
  2133 | D:3      | Reached skill level 1 in Fire Magic
  2133 | D:3      | Reached skill level 1 in Ice Magic
  2133 | D:3      | Reached skill level 1 in Air Magic
  2133 | D:3      | Reached skill level 1 in Alchemy
  2193 | D:3      | Reached XP level 5. HP: 37/37 MP: 7/12
  2821 | D:3      | Reached XP level 6. HP: 44/44 MP: 11/13
  2908 | D:3      | Reached skill level 2 in Throwing
  2908 | D:3      | Reached skill level 5 in Dodging
  3116 | D:4      | Found a broken altar of Ashenzari.
  3133 | D:4      | You fall into a shaft and drop 2 floors!
  3203 | D:6      | Found a white marble altar of Elyvilon.
  3222 | D:6      | Reached XP level 7. HP: 42/51 MP: 9/15
  3293 | D:5      | Entered Level 5 of the Dungeon
  3615 | D:5      | Reached skill level 5 in Stealth
  3639 | D:4      | Noticed Sigmund
  3646 | D:4      | Killed Sigmund
  3906 | D:4      | Reached skill level 3 in Throwing
  3906 | D:4      | Reached XP level 8. HP: 58/58 MP: 13/16
  3924 | D:4      | Found a blossoming altar of Fedhas.
  4164 | D:5      | Identified the +5 sling of Motocel {heavy, rF+ Int+3}
  4407 | D:5      | Found a hazy altar of Hepliaklqana.
  4966 | D:5      | Became a worshipper of Hepliaklqana the Forgotten
  4984 | D:6      | Found a staircase to the Ecumenical Temple.
  4991 | Temple   | Entered the Ecumenical Temple
  5177 | D:6      | Found Nukhlon's Antique Weapon Boutique.
  5203 | D:6      | Bought a glimmering sling for 169 gold pieces
  5203 | D:6      | Identified the +7 sling of Poroh {drain, rF- Str+3 Dex+4}
                  | (You bought it in a shop on level 6 of the Dungeon)
  5330 | D:6      | Noticed Dowan
  5406 | D:6      | Noticed Edmund
  5579 | D:7      | Reached XP level 9. HP: 56/65 MP: 18/18
  5583 | D:7      | Noticed a kobold demonologist
  5606 | D:7      | Killed a kobold demonologist
  5607 | D:7      | Reached skill level 4 in Throwing
  5706 | D:7      | Learned a level 4 spell: Animate Dead
  6181 | D:7      | Reached skill level 5 in Invocations
  6344 | D:7      | Found Raol's Armour Emporium.
  6344 | D:7      | Reached * piety under Hepliaklqana
  6644 | D:6      | HP: 2/60 [Edmund/+3 flail of protection (12)]
  7004 | D:6      | Reached skill level 5 in Fighting
  7004 | D:6      | Reached skill level 5 in Short Blades
  7004 | D:6      | Reached skill level 5 in Long Blades
  7004 | D:6      | Reached skill level 5 in Axes
  7004 | D:6      | Reached skill level 5 in Maces & Flails
  7004 | D:6      | Reached skill level 5 in Polearms
  7004 | D:6      | Reached skill level 5 in Staves
  7004 | D:6      | Reached skill level 5 in Ranged Weapons
  7004 | D:6      | Reached skill level 5 in Throwing
  7004 | D:6      | Reached skill level 5 in Armour
  7004 | D:6      | Reached skill level 5 in Shields
  7004 | D:6      | Reached skill level 5 in Unarmed Combat
  7004 | D:6      | Reached skill level 5 in Evocations
  7004 | D:6      | Reached XP level 10. HP: 66/66 MP: 12/20
  7185 | D:7      | Learned a level 5 spell: Borgnjor's Vile Clutch
  7261 | D:6      | Found Dibuff's Jewellery Boutique.
  7384 | D:6      | Killed Edmund
  7537 | D:6      | Noticed Maggie
  7538 | D:6      | Noticed Duvessa
  7539 | D:6      | Killed Dowan
  7550 | D:6      | Your ally Dowan died
  7552 | D:6      | Killed Duvessa
  7555 | D:6      | Killed Maggie
  7865 | D:8      | Reached skill level 5 in Conjurations
  7954 | D:8      | Reached skill level 5 in Shapeshifting
  8070 | D:8      | Found Riherph's Assorted Antiques.
  8201 | D:8      | Identified the +6 dagger "Hacomesk" {elec, *Slow rF+++
                  | Str+2 Stlth-}
  8573 | D:9      | Reached ** piety under Hepliaklqana
  8574 | D:9      | Remembered your ancestor Lula as a knight
  8613 | D:9      | Found a sacrificial altar of Ru.
  8663 | D:9      | Reached skill level 6 in Throwing
  8932 | D:9      | Found a basalt altar of Yredelemnul.
  9018 | D:9      | Identified the +1 cloak of Life {rC+ rN++ Str-5 Dex-4}
  9058 | D:9      | Reached skill level 5 in Hexes
  9058 | D:9      | Reached skill level 5 in Summonings
  9058 | D:9      | Reached skill level 5 in Necromancy
  9058 | D:9      | Reached skill level 5 in Translocations
  9058 | D:9      | Reached skill level 5 in Fire Magic
  9058 | D:9      | Reached skill level 5 in Ice Magic
  9058 | D:9      | Reached skill level 5 in Air Magic
  9058 | D:9      | Reached skill level 5 in Alchemy
  9060 | D:9      | Reached XP level 11. HP: 72/72 MP: 16/22
  9385 | D:9      | Found Lacleohawn's Distillery.
  9393 | D:9      | Bought a potion of mutation for 96 gold pieces
  9393 | D:9      | Gained mutation: You sometimes lose your temper in combat.
                  | [potion of mutation]
  9393 | D:9      | Gained mutation: Your health recovers twice as slowly from
                  | being drained. [potion of mutation]
  9393 | D:9      | Gained mutation: Your flesh is cold resistant. (rC+)
                  | [potion of mutation]
  9393 | D:9      | Gained mutation: You passively dampen the noise of your
                  | surroundings. [potion of mutation]
  9458 | D:10     | Entered Level 10 of the Dungeon
  9638 | D:10     | Found a staircase to the Lair.
  9652 | D:10     | Reached skill level 7 in Throwing
  9908 | D:10     | Reached *** piety under Hepliaklqana
 10212 | Lair:1   | Entered Level 1 of the Lair of Beasts
 10533 | Lair:1   | Noticed Grum
 10538 | Lair:1   | Killed Grum
 10695 | Lair:1   | Reached skill level 8 in Throwing
 10849 | Lair:1   | Noticed Amaemon
 10860 | Lair:1   | Killed Amaemon
 11168 | Lair:2   | Reached XP level 12. HP: 75/81 MP: 20/24
 11262 | Lair:2   | Reached **** piety under Hepliaklqana
 11425 | Lair:2   | Learned a level 4 spell: Cause Fear
 11595 | Lair:2   | Noticed Fannar
 11606 | Lair:2   | Killed Fannar
 11682 | Lair:2   | Found a staircase to the Snake Pit.
 11876 | Lair:2   | Reached skill level 9 in Throwing
 11965 | Lair:2   | Found a staircase to the Shoals.
 13124 | Lair:3   | Reached skill level 10 in Throwing
 13130 | Lair:3   | Reached XP level 13. HP: 88/88 MP: 17/26
 13475 | Lair:3   | Reached ***** piety under Hepliaklqana
 14111 | Lair:4   | Reached skill level 10 in Spellcasting
 14405 | Lair:4   | Lost mutation: You sometimes lose your temper in combat.
                  | [potion of mutation]
 14405 | Lair:4   | Lost mutation: Your health recovers twice as slowly from
                  | being drained. [potion of mutation]
 14405 | Lair:4   | Gained mutation: You are strong-willed. (Will+) [potion of
                  | mutation]
 14405 | Lair:4   | Gained mutation: You have an increased reservoir of magic.
                  | (+10% MP) [potion of mutation]
 14603 | Lair:4   | Reached skill level 11 in Throwing
 14604 | Lair:4   | Reached skill level 10 in Dodging
 15106 | Lair:5   | Entered Level 5 of the Lair of Beasts
 15132 | Lair:5   | Found a staircase to the Slime Pits.
 15134 | Lair:5   | Found a viscous altar of Jiyva.
 15165 | Lair:5   | Reached skill level 10 in Stealth
 15471 | Lair:5   | Reached skill level 10 in Invocations
 15471 | Lair:5   | Reached XP level 14. HP: 97/97 MP: 28/31
 15476 | Lair:5   | Learned a level 4 spell: Dispel Undead
 16036 | Lair:5   | Reached skill level 12 in Throwing
 17329 | D:11     | Found Ytsyb's Assorted Antiques.
 18088 | D:11     | Found a staircase to the Orcish Mines.
 18675 | Orc:1    | Entered Level 1 of the Orcish Mines
 19049 | Orc:2    | Entered Level 2 of the Orcish Mines
 19092 | Orc:2    | Reached skill level 10 in Earth Magic
 19415 | Orc:2    | Reached skill level 10 in Fighting
 19415 | Orc:2    | Reached skill level 10 in Short Blades
 19415 | Orc:2    | Reached skill level 10 in Long Blades
 19415 | Orc:2    | Reached skill level 10 in Axes
 19415 | Orc:2    | Reached skill level 10 in Maces & Flails
 19415 | Orc:2    | Reached skill level 10 in Polearms
 19415 | Orc:2    | Reached skill level 10 in Staves
 19415 | Orc:2    | Reached skill level 10 in Ranged Weapons
 19415 | Orc:2    | Reached skill level 10 in Armour
 19415 | Orc:2    | Reached skill level 10 in Shields
 19415 | Orc:2    | Reached skill level 10 in Unarmed Combat
 19415 | Orc:2    | Reached skill level 10 in Evocations
 19626 | Orc:2    | Noticed Saint Roka
 19642 | Orc:2    | Noticed Azrael
 19859 | Orc:2    | Reached ****** piety under Hepliaklqana
 19923 | Orc:2    | Identified a scroll of acquirement
 19924 | Orc:2    | Acquired 754 gold pieces
 20027 | Orc:2    | Reached XP level 15. HP: 102/103 MP: 23/33
 20166 | Orc:2    | Found a staircase to the Elven Halls.
 20215 | Orc:2    | Reached skill level 13 in Throwing
 20531 | Orc:2    | Killed Azrael
 20619 | Orc:2    | Killed Saint Roka
 21022 | Orc:2    | Found Aghoacisar's Jewellery Boutique.
 21146 | Orc:2    | Found Oguxisal's Assorted Antiques.
 21505 | Orc:2    | Noticed an orc warlord
 21515 | Orc:2    | Killed an orc warlord
 21905 | Orc:2    | Found Wausk's Jewellery Shoppe.
 21953 | Orc:2    | Found Copout's Distillery.
 22223 | Elf:1    | Entered Level 1 of the Elven Halls
 22406 | Elf:1    | Got the Lectures on the Hot Maleficium
 22472 | Elf:1    | Found a huge runed translucent gate.
 22472 | Elf:1    | Found a huge runed translucent gate.
 22473 | Elf:1    | Found a huge runed translucent gate.
 22474 | Elf:1    | Found a huge runed translucent gate.
 22475 | Elf:1    | Found a huge runed translucent gate.
 22475 | Elf:1    | Found a huge runed translucent gate.
 22475 | Elf:1    | Found a huge runed translucent gate.
 22524 | Elf:1    | Identified the +6 flail of Doomed Judgement {protect, rElec
                  | Will+}
 22585 | Elf:1    | Paralysed by an air elemental for 1 turns
 23084 | Elf:1    | Found a huge runed translucent gate.
 23084 | Elf:1    | Found a huge runed translucent gate.
 23085 | Elf:1    | Found a huge runed translucent gate.
 23086 | Elf:1    | Found a huge runed translucent gate.
 23087 | Elf:1    | Found a huge runed translucent gate.
 23087 | Elf:1    | Found a huge runed translucent gate.
 23087 | Elf:1    | Found a huge runed translucent gate.
 23087 | Elf:1    | Found a huge runed translucent gate.
 23087 | Elf:1    | Found a huge runed translucent gate.
 23087 | Elf:1    | Found a huge runed translucent gate.
 23087 | Elf:1    | Found a huge runed translucent gate.
 23104 | Elf:1    | Found a huge runed translucent gate.
 23104 | Elf:1    | Found a huge runed translucent gate.
 23402 | Elf:1    | Noticed a deep elf master archer
 23412 | Elf:1    | Killed a deep elf master archer
 23413 | Elf:1    | Reached skill level 14 in Throwing
 23580 | Elf:1    | Reached skill level 10 in Shapeshifting
 23756 | Elf:1    | Reached XP level 16. HP: 55/111 MP: 29/35
 23954 | Elf:1    | Found Usil's Armour Shop.
 25653 | Elf:2    | Found a runed translucent gate.
 25654 | Elf:2    | Found a runed translucent gate.
 25654 | Elf:2    | Found a runed translucent gate.
 25824 | Elf:2    | Slain by a +0 halberd of venom

Illustrated notes

Levels and vault maps discovered:
D:1:      evilmike_arrival_hilbert_curve, layout_basic, serial_shops, shop
D:2:      layout_basic, uniq_robin
D:3:      layout_basic, goddamned_bats
D:4:      layout_rooms, evilmike_ruin_ashenzari, mainiacjoe_overflow_chevrons,
          hangedman_decor_riveting, uniq_sigmund
D:5:      layout_gridville, kennysheep_mini
D:6:      layout_cave_pods, elyvilon_altar_3, minmay_temple_entry_arrows,
          serial_shops, nicolae_diamond_shop, nicolae_shop_behind_doors,
          grunt_decor_mini_mirrors, uniq_duvessa, uniq_maggie, uniq_edmund
D:7:      layout_loops_ring, kennysheep_small_circle
D:8:      layout_basic, serial_shops, shop, nrook_campfire
D:9:      layout_grid_maze, general_overflow_altar,
          mainiacjoe_overflow_cross_hatched, serial_ice, serial_ice_i,
          serial_ice_o, serial_ice_b, serial_ice_a, serial_shops, shop
D:10:     layout_loops_ring, hellmonk_lair_entry_icy
D:11:     layout_layer_cave, david_orc_5, serial_shops, shop, minivault_16,
          chequers_serial_rivers_small_3, nicolae_demonic_statue_gallery
Temple:   lightli_temple_of_artemis
Lair:1:   layout_long_grid, uniq_grum, uniq_amaemon
Lair:2:   layout_small_grid, elwin_shoals_entry_rooms,
          guppyfry_snake_entry_garden, serial_bayou_pond_d,
          grunt_forest_small_clearing_treed, uniq_fannar
Lair:3:   layout_cave_pods, lemuel_fruit_tree
Lair:4:   layout_regular_city, beast_lair_carwin_8, serial_bayou_shore_b
Lair:5:   minmay_lair_end_enchanted_forest, layout_regular_city, slime_entry_1,
          grunt_megastairs_1
Orc:1:    layout_caves
Orc:2:    pubby_orc_utopia, uniq_saint_roka, uniq_azrael
Elf:1:    eino_elf_arrival_sip, layout_gridlike, serial_shops, shop,
          hangedman_corner_corridor, st_stairs_9,
          serial_library_hellmonk_double_dead_end, hangedman_elf_represent
Elf:2:    nicolae_elf_blades_splatter_lattice [nicolae_blade_tridents],
          layout_gridlike

Skill      XL: |  1  2  3  4  5  6  7  8  9 10 11 12 13 14 15 16 |
---------------+-------------------------------------------------+-----
Conjurations   | 2 3 4 5 6 7 8 9 |  9.7
Spellcasting   | 5 6 7 8 9 10 11 12 | 12.2
Invocations    | 1 2 3 4 5 6 7 8 10 11 12 | 12.2
Fighting       | 1 2 3 5 6 7 8 9 10 11 | 11.2
Short Blades   | 1 2 3 5 6 7 8 9 10 11 | 11.2
Long Blades    | 1 2 3 5 6 7 8 9 10 11 | 11.2
Axes           | 1 2 3 5 6 7 8 9 10 11 | 11.2
Maces & Flails | 1 2 3 5 6 7 8 9 10 11 | 11.2
Polearms       | 1 2 3 5 6 7 8 9 10 11 | 11.2
Staves         | 1 2 3 5 6 7 8 9 10 11 | 11.2
Ranged Weapons | 1 2 3 5 6 7 8 9 10 11 | 11.2
Throwing       | 1 2 3 5 6 8 10 11 12 14 | 14.6
Armour         | 1 2 3 5 6 7 8 9 10 11 | 11.2
Shields        | 1 2 3 5 6 7 8 9 10 11 | 11.2
Unarmed Combat | 1 2 3 5 6 7 8 9 10 11 | 11.2
Evocations     | 1 2 3 5 6 7 8 9 10 11 | 11.2
Shapeshifting  | 1 2 3 4 5 6 7 8 9 10 | 10.3
Hexes          | 1 2 3 4 5 6 7 8 9 |  9.5
Summonings     | 1 2 3 4 5 6 7 8 9 |  9.5
Necromancy     | 1 2 3 4 5 6 7 8 9 |  9.5
Translocations | 1 2 3 4 5 6 7 8 9 |  9.5
Fire Magic     | 1 2 3 4 5 6 7 8 9 |  9.5
Ice Magic      | 1 2 3 4 5 6 7 8 9 |  9.5
Air Magic      | 1 2 3 4 5 6 7 8 9 |  9.5
Alchemy        | 1 2 3 4 5 6 7 8 9 |  9.5
Dodging        | 5 6 7 8 9 10 11 12 | 12.1
Stealth        | 5 6 7 8 9 10 11 12 | 12.0
Earth Magic    | 6 7 8 9 10 | 10.9

Action                     |  1- 3 |  4- 6 |  7- 9 | 10-12 | 13-15 | 16-18 || total
---------------------------+-------+-------+-------+-------+-------+-------++-------
  Melee: Unarmed           |     6 |       |       |       |       |       ||     6
         Bite              |     3 |       |       |       |       |       ||     3
         Dagger            |       |       |       |     1 |       |       ||     1
         Sling             |       |       |       |       |     1 |       ||     1
   Fire: Sling             |       |    37 |    79 |   153 |   644 |    65 ||   978
  Throw: Dart              |       |       |     2 |       |     3 |       ||     5
   Cast: Sandblast         |    39 |    74 |   133 |   180 |    38 |     1 ||   465
         Animate Dead      |       |       |    20 |    10 |    17 |     3 ||    50
         Borgnjor's Vile C |       |       |       |    78 |   337 |    52 ||   467
         Cause Fear        |       |       |       |       |     4 |       ||     4
         Dispel Undead     |       |       |       |       |     2 |       ||     2
 Invoke: Recall Ancestor   |       |       |       |     4 |     8 |     3 ||    15
         Ancestor Life: Kn |       |       |       |     1 |       |       ||     1
         Ancestor Identity |       |       |       |     1 |       |       ||     1
         Idealise          |       |       |       |       |     1 |       ||     1
  Evoke: Wand              |       |       |       |       |     2 |       ||     2
    Use: Potion            |       |       |       |     2 |     2 |     1 ||     5
         Scroll            |       |       |       |    11 |     7 |     4 ||    22
 Armour: Robe              |     7 |    36 |    55 |     5 |    27 |    39 ||   169
         Steam dragon scal |       |       |       |    76 |   188 |       ||   264
         Acid dragon scale |       |       |       |     2 |       |       ||     2
  Dodge: Dodged            |    12 |    56 |    48 |    85 |   246 |    13 ||   460
  Block: Buckler           |       |       |       |       |    72 |    11 ||    83
